Heat vs Reign
(R1)
Created - December 27, 2021 at 20:53
Goals
|
| Heat |
0 |
1 |
2 |
3 |
| Reign |
0 |
3 |
1 |
4 |
|
Shots
|
| Heat |
10 |
8 |
13 |
31 |
| Reign |
11 |
12 |
3 |
26 |
|
1st period
No Goal
Penalties :
Philip Varone (Sto) for Interference (Minor) at 6:32, Greg Pateryn (Sto) for Goalie Interference (Minor) at 17:00
2nd period
1. Reign , Kyle Connor 5 (Jordan Kyrou 3, Austin Czarnik 4) at 0:29
2. Heat , Jake DeBrusk 5 (Philip Varone 6, Peter Cehlarik 4) at 5:38
3. Reign , Joachim Blichfeld 1 (Jordan Schmaltz 6) at 8:47
4. Reign , Jordan Schmaltz 2 (Jordan Kyrou 4) at 19:23
Penalties :
Philip Varone (Sto) for Kneeing (Minor) at 2:05, Kevin Labanc (Sto) for Holding Stick (Minor) at 12:15
3rd period
5. Heat , Jake DeBrusk 6 (Philip Varone 7, Greg Pateryn 4) at 4:18
6. Heat , Matthew Nieto 7 (Victor Rask 10) at 15:52 (PP)
7. Reign , Erik Christensen 5 (Alex Iafallo 5, Dmitri Orlov 3) at 18:26
Penalties :
Matthew Nieto (Sto) for Kneeing (Minor) at 7:22, Barclay Goodrow (Sto) for High sticking (Minor) at 9:31, Christopher Tanev (Ont) for Goalie Interference (Minor) at 12:38, Charlie McAvoy (Ont) for Tripping (Minor) at 15:48
Goalie Stats
Nathan Lieuwen (Sto), 22 saves from 26 shots - (0.846), L, 1-2-0, 59:01 minutes
Carter Hart (Ont), 28 saves from 31 shots - (0.903), W, 1-4-0, 60:00 minutes
Players Stats for Heat
Player Name G A P +/- PIM S H SB GA TA FO MP PP MP PK MP
------------------------------------------------------------------------------------
Barclay Goodrow 0 0 0 -2 2 0 0 1 0 0 0/0 9:53 0:00 0:00
Evgeny Svechnikov 0 0 0 2 0 0 0 0 0 0 0/0 11:22 1:01 0:00
Frank Corrado 0 0 0 0 0 1 3 1 0 0 0/0 21:12 1:04 4:33
Greg Pateryn 0 1 1 -2 2 2 4 3 1 0 0/0 25:41 0:59 5:56
Jake DeBrusk 2 0 2 2 0 5 1 2 1 1 0/0 17:10 1:01 4:57
Jesper Bratt 0 0 0 0 0 0 0 0 0 0 0/0 9:56 0:00 0:00
John Gilmour 0 0 0 0 0 1 0 1 0 0 0/0 12:48 0:00 0:56
Kevin Labanc 0 0 0 -2 2 3 1 0 0 0 1/3 21:39 1:02 5:26
Mathieu Brodeur 0 0 0 -2 0 2 0 1 1 1 0/0 26:37 0:59 7:11
Matthew Nieto 1 0 1 -2 2 5 1 0 0 0 0/0 17:17 1:02 1:05
Nico Sturm 0 0 0 0 0 0 1 0 0 1 0/4 12:47 0:00 2:51
Peter Cehlarik 0 1 1 -2 0 2 1 0 0 0 0/4 13:11 0:00 2:48
Petteri Lindbohm 0 0 0 0 0 2 0 1 0 0 0/0 12:55 0:00 0:54
Philip Varone 0 2 2 2 4 2 5 0 0 1 4/13 16:09 1:01 4:08
Rasmus Andersson 0 0 0 0 0 4 0 1 0 0 0/0 20:57 1:04 4:18
Ryan Spooner 0 0 0 -2 0 1 0 0 2 0 4/8 12:16 0:00 2:21
Tyler Shattock 0 0 0 0 0 0 2 0 0 0 0/0 9:56 0:00 0:00
Victor Rask 0 1 1 -2 0 1 2 0 0 0 9/18 16:14 1:02 0:12
Players Stats for Reign
Player Name G A P +/- PIM S H SB GA TA FO MP PP MP PK MP
------------------------------------------------------------------------------------
Alex Iafallo 0 1 1 1 0 1 2 1 0 1 0/0 21:54 7:03 0:43
Austin Czarnik 0 1 1 0 0 5 1 1 0 0 1/1 11:26 0:00 0:00
Charlie McAvoy 0 0 0 -1 2 0 1 0 1 0 0/0 11:19 0:00 0:00
Christopher Tanev 0 0 0 2 2 0 1 1 0 2 0/0 20:09 4:51 0:04
Dmitri Orlov 0 1 1 2 0 3 0 5 0 1 0/0 13:14 0:00 0:35
Erik Christensen 1 0 1 1 0 2 0 0 0 0 12/16 20:11 6:22 0:00
Filip Hronek 0 0 0 -1 0 0 0 0 0 0 0/0 12:44 0:00 1:24
Jacob Josefson 0 0 0 0 0 0 0 0 0 0 6/8 10:20 0:00 0:00
Joachim Blichfeld 1 0 1 1 0 2 0 0 0 0 0/0 10:06 0:00 0:00
Joel Eriksson Ek 0 0 0 1 0 1 1 0 0 0 0/1 10:31 0:00 0:25
Jordan Kyrou 0 2 2 0 0 2 0 1 0 0 1/1 16:09 5:32 0:00
Jordan Schmaltz 1 1 2 2 0 3 1 1 0 0 0/0 21:29 4:51 1:28
Josh Anderson 0 0 0 1 0 0 1 1 0 0 1/1 10:06 0:00 0:00
Kale Clague 0 0 0 -1 0 0 1 0 0 0 0/0 6:25 0:00 0:00
Kyle Connor 1 0 1 0 0 1 1 0 0 1 0/0 16:09 5:32 0:00
Logan Stanley 0 0 0 -1 0 0 0 0 0 0 0/0 6:25 0:00 0:00
Markus Nutivaara 0 0 0 2 0 1 3 0 2 0 0/0 20:46 7:03 0:35
Matthew Tkachuk 0 0 0 0 0 0 1 1 0 0 0/1 17:49 6:22 0:00
Mike Amadio 0 0 0 0 0 2 0 1 0 0 10/18 18:11 5:32 1:14
Nick Schmaltz 0 0 0 1 0 3 0 0 1 0 1/1 20:47 6:22 0:31
Trent Frederic 0 0 0 0 0 0 0 0 0 0 0/2 1:45 0:00 1:13
3 Stars
1 - Jake DeBrusk (Sto)
2 - Jordan Schmaltz (Ont)
3 - Joachim Blichfeld (Ont)
Power Play
Heat - 1 on 2 Attempt(s) - 50.00%
Reign - 0 on 6 Attempt(s) - 0.00%
Penalty Kill
Heat - 6 on 6 Attempt(s) - 100.00%
- Score 0 goal in Penalty Kill
Reign - 1 on 2 Attempt(s) - 50.00%
- Score 0 goal in Penalty Kill
Team Stat
Heat - Hits : 21 - Faceoff Wins : 18 - Blocked Shots : 11 - Penalty Minutes : 12
Reign - Hits : 14 - Faceoff Wins : 32 - Blocked Shots : 13 - Penalty Minutes : 4
Official
Referees : Chris Lee and Dean Morton
Linesman : Steve Barton and David Brisebois
Game Notes
No Game Note
Finance
Level 1 -- Attendance: 1723 (86.15%) -- Ticket Income $60,305
Level 2 -- Attendance: 933 (93.30%) -- Ticket Income $13,995
Total Attendance: 2656 (88.53%)
Total Ticket Income: $74,300
Other Income: $3,715
Total Income: $78,015
Heat
5 vs 5 Forward
Center Left Wing Right Wing Time % Phy DF OF
1 Victor Rask Matthew Nieto Kevin Labanc 40 1 2 2
2 Philip Varone Jake DeBrusk Evgeny Svechnikov 30 1 2 2
3 Ryan Spooner Peter Cehlarik Barclay Goodrow 20 1 2 2
4 Nico Sturm Jesper Bratt Tyler Shattock 10 1 2 2
5 vs 5 Defense
Defense Defense Time % Phy DF OF
1 Mathieu Brodeur Greg Pateryn 40 1 2 2
2 Rasmus Andersson Frank Corrado 30 1 2 2
3 John Gilmour Petteri Lindbohm 20 1 2 2
4 Mathieu Brodeur Greg Pateryn 10 1 2 2
PowerPlay Forward
Center Left Wing Right Wing Time % Phy DF OF
1 Victor Rask Matthew Nieto Kevin Labanc 60 1 2 2
2 Philip Varone Jake DeBrusk Evgeny Svechnikov 40 1 2 2
PowerPlay Defense
Defense Defense Time % Phy DF OF
1 Mathieu Brodeur Greg Pateryn 60 1 2 2
2 Rasmus Andersson Frank Corrado 40 1 2 2
Penalty Kill 4 Players Forward
Center Wing Time % Phy DF OF
1 Philip Varone Kevin Labanc 60 1 2 2
2 Nico Sturm Jake DeBrusk 40 1 2 2
Penalty Kill 4 Players Defense
Defense Defense Time % Phy DF OF
1 Mathieu Brodeur Greg Pateryn 60 1 2 2
2 Rasmus Andersson Frank Corrado 40 1 2 2
Penalty Kill - 3 Players Forward
Forward Time % Phy DF OF
1 Philip Varone 60 1 2 2
2 Nico Sturm 40 1 2 2
Penalty Kill - 3 Players Defense
Defense Defense Time % Phy DF OF
1 Mathieu Brodeur Greg Pateryn 60 1 2 2
2 Rasmus Andersson Frank Corrado 40 1 2 2
4 vs 4 Forward
Center Wing Time % Phy DF OF
1 Victor Rask Kevin Labanc 60 1 2 2
2 Philip Varone Matthew Nieto 40 1 2 2
4 vs 4 Defense
Defense Defense Time % Phy DF OF
1 Mathieu Brodeur Greg Pateryn 60 1 2 2
2 Rasmus Andersson Frank Corrado 40 1 2 2
Last Minutes Offensive
Center Left Wing Right Wing Defense Defense
Victor Rask Matthew Nieto Kevin Labanc Mathieu Brodeur Greg Pateryn
Last Minutes Defensive
Center Left Wing Right Wing Defense Defense
Victor Rask Matthew Nieto Kevin Labanc Mathieu Brodeur Greg Pateryn
Goaltenders
Starting : Nathan Lieuwen
Backup : Vitek Vanecek
Extra Forwards
Normal : Ryan Spooner, Nico Sturm, Peter Cehlarik - PP : Ryan Spooner, Nico Sturm - PK : Peter Cehlarik
Extra Defensemen
Normal : John Gilmour, Petteri Lindbohm, Rasmus Andersson - PP : John Gilmour - PK : Petteri Lindbohm, Rasmus Andersson
Penalty Shots
Matthew Nieto, Kevin Labanc, Jake DeBrusk, Victor Rask, Evgeny Svechnikov
Scratches
Alexander True (Healthy), Brandon Hickey (Healthy), Chris Brown (Healthy), Christian Jaros (Healthy), Dominik Masin (Healthy)
Eric Karlsson (Healthy), Ryan Donato (Healthy), Trevor Carrick (Healthy), Vladislav Kamenev (Healthy), Tage Thompson (Healthy)
Radim Zohorna (Healthy), Michael Hutchinson (Healthy), Collin Delia (Healthy)
Reign
5 vs 5 Forward
Center Left Wing Right Wing Time % Phy DF OF
1 Erik Christensen Alex Iafallo Nick Schmaltz 30 1 1 3
2 Mike Amadio Matthew Tkachuk Austin Czarnik 30 1 2 2
3 Jacob Josefson Kyle Connor Jordan Kyrou 20 0 2 3
4 Joel Eriksson Ek Joachim Blichfeld Josh Anderson 20 0 3 2
5 vs 5 Defense
Defense Defense Time % Phy DF OF
1 Christopher Tanev Jordan Schmaltz 30 1 3 1
2 Dmitri Orlov Markus Nutivaara 30 0 3 2
3 Charlie McAvoy Filip Hronek 25 1 3 1
4 Logan Stanley Kale Clague 15 1 3 1
PowerPlay Forward
Center Left Wing Right Wing Time % Phy DF OF
1 Erik Christensen Matthew Tkachuk Nick Schmaltz 60 0 2 3
2 Mike Amadio Kyle Connor Jordan Kyrou 40 0 2 3
PowerPlay Defense
Defense Defense Time % Phy DF OF
1 Alex Iafallo Markus Nutivaara 60 1 2 2
2 Christopher Tanev Jordan Schmaltz 40 1 2 2
Penalty Kill 4 Players Forward
Center Wing Time % Phy DF OF
1 Mike Amadio Trent Frederic 60 1 3 1
2 Joel Eriksson Ek Alex Iafallo 40 1 3 1
Penalty Kill 4 Players Defense
Defense Defense Time % Phy DF OF
1 Christopher Tanev Jordan Schmaltz 60 1 4 0
2 Dmitri Orlov Markus Nutivaara 40 1 4 0
Penalty Kill - 3 Players Forward
Forward Time % Phy DF OF
1 Erik Christensen 60 2 3 0
2 Mike Amadio 40 2 3 0
Penalty Kill - 3 Players Defense
Defense Defense Time % Phy DF OF
1 Christopher Tanev Jordan Schmaltz 60 1 4 0
2 Dmitri Orlov Markus Nutivaara 40 1 4 0
4 vs 4 Forward
Center Wing Time % Phy DF OF
1 Erik Christensen Mike Amadio 60 1 2 2
2 Alex Iafallo Austin Czarnik 40 1 2 2
4 vs 4 Defense
Defense Defense Time % Phy DF OF
1 Christopher Tanev Jordan Schmaltz 60 1 2 2
2 Dmitri Orlov Markus Nutivaara 40 1 2 2
Last Minutes Offensive
Center Left Wing Right Wing Defense Defense
Erik Christensen Alex Iafallo Nick Schmaltz Christopher Tanev Jordan Schmaltz
Last Minutes Defensive
Center Left Wing Right Wing Defense Defense
Erik Christensen Alex Iafallo Nick Schmaltz Christopher Tanev Jordan Schmaltz
Goaltenders
Starting : Carter Hart
Backup : Garret Sparks
Extra Forwards
Normal : Trent Frederic, Mike Amadio, Joel Eriksson Ek - PP : Joel Eriksson Ek, Jacob Josefson - PK : Nick Schmaltz
Extra Defensemen
Normal : Charlie McAvoy, Filip Hronek, Logan Stanley - PP : Charlie McAvoy - PK : Filip Hronek, Logan Stanley
Penalty Shots
Erik Christensen, Mike Amadio, Alex Iafallo, Austin Czarnik, Nick Schmaltz
Scratches
Blake Lizotte (Healthy), Bokondji Imama (Healthy), Caleb Jones (Healthy), Joel Vermin (Healthy), Jordan Weal (Healthy)
Matt Roy (Healthy), Michael Ferland (Healthy), Phillip Danault (Healthy), Dan Renouf (Healthy), Cal Petersen (Healthy)
Jordan Binnington (Healthy)
% Time on Ice - Heat
Lines # - Real PCT - Wanted PCT - Time Play
Normal Forward
1 - 33% - 40% - 14:49
2 - 23% - 30% - 10:21
3 - 22% - 20% - 9:44
4 - 22% - 10% - 9:56
Normal Defense
1 - 37% - 40% - 16:26
2 - 35% - 30% - 15:35
3 - 26% - 20% - 11:41
4 - 3% - 10% - 1:08
PP Forward
1 - 50% - 60% - 1:02
2 - 50% - 40% - 1:01
PP Defense
1 - 48% - 60% - 0:59
2 - 52% - 40% - 1:04
PK Forward
1 - 76% - 60% - 9:03
2 - 24% - 40% - 2:51
PK Defense
1 - 67% - 60% - 7:55
2 - 33% - 40% - 3:59
PK3 Forward
1 - 0% - 60%
2 - 0% - 40%
PK3 Defense
1 - 0% - 60%
2 - 0% - 40%
44 Forward
1 - 0% - 60%
2 - 0% - 40%
44 Defense
1 - 0% - 60%
2 - 0% - 40%
Last Minute Offensive - 1:13
Last Minute Defensive - 0:00
Total
Forward - 60:00
Defense - 60:00
|
% Time on Ice - Reign
Lines # - Real PCT - Wanted PCT - Time Play
Normal Forward
1 - 28% - 30% - 12:40
2 - 26% - 30% - 11:43
3 - 23% - 20% - 10:20
4 - 23% - 20% - 10:06
Normal Defense
1 - 30% - 30% - 13:33
2 - 30% - 30% - 13:31
3 - 25% - 25% - 11:20
4 - 14% - 15% - 6:25
PP Forward
1 - 54% - 60% - 6:22
2 - 46% - 40% - 5:32
PP Defense
1 - 59% - 60% - 7:03
2 - 41% - 40% - 4:51
PK Forward
1 - 80% - 60% - 1:38
2 - 20% - 40% - 0:25
PK Defense
1 - 72% - 60% - 1:28
2 - 28% - 40% - 0:35
PK3 Forward
1 - 0% - 60%
2 - 0% - 40%
PK3 Defense
1 - 0% - 60%
2 - 0% - 40%
44 Forward
1 - 0% - 60%
2 - 0% - 40%
44 Defense
1 - 0% - 60%
2 - 0% - 40%
Last Minute Offensive - 0:00
Last Minute Defensive - 1:14
Total
Forward - 60:00
Defense - 60:00
|
Play-by-Play
1st period
0:01 of 1st period - Erik Christensen wins face-off versus Victor Rask in neutral zone.
0:26 of 1st period - Philip Varone is hit by Austin Czarnik and loses puck.
1:20 of 1st period - Snap shot by Petteri Lindbohm.
1:20 of 1st period - Stopped by Carter Hart with a rebound.
1:32 of 1st period - Snap shot by Erik Christensen.
1:32 of 1st period - Shot Misses the Net.
1:43 of 1st period - Off-side.
1:44 of 1st period - Mike Amadio wins face-off versus Philip Varone in neutral zone.
1:51 of 1st period - Snap shot by Austin Czarnik.
1:51 of 1st period - Shot Blocked by Jake DeBrusk.
1:53 of 1st period - Slapshot by Mike Amadio.
1:53 of 1st period - Stopped by Nathan Lieuwen with a rebound.
1:55 of 1st period - Wrist shot by Austin Czarnik.
1:55 of 1st period - Stopped by Nathan Lieuwen without a rebound.
1:56 of 1st period - Victor Rask wins face-off versus Jacob Josefson in Heat zone.
2:05 of 1st period - Slapshot by Matthew Nieto.
2:05 of 1st period - Stopped by Carter Hart with a rebound.
3:05 of 1st period - Snap shot by Austin Czarnik.
3:05 of 1st period - Stopped by Nathan Lieuwen without a rebound.
3:06 of 1st period - Philip Varone wins face-off versus Mike Amadio in Heat zone.
3:19 of 1st period - Snap shot by Jake DeBrusk.
3:19 of 1st period - Stopped by Carter Hart without a rebound.
3:20 of 1st period - Victor Rask wins face-off versus Erik Christensen in Reign zone.
3:21 of 1st period - Slapshot by Kevin Labanc.
3:21 of 1st period - Stopped by Carter Hart with a rebound.
3:27 of 1st period - Snap shot by Victor Rask.
3:27 of 1st period - Stopped by Carter Hart with a rebound.
3:29 of 1st period - Wrist shot by Kevin Labanc.
3:29 of 1st period - Deflect By Victor Rask.
3:29 of 1st period - Shot Misses the Net.
3:29 of 1st period - Puck is out of play.
3:30 of 1st period - Nick Schmaltz wins face-off versus Kevin Labanc in Reign zone.
3:30 of 1st period - Nick Schmaltz is hit by Matthew Nieto.
3:58 of 1st period - Wrist shot by Matthew Nieto.
3:58 of 1st period - Deflect By Jordan Schmaltz.
3:58 of 1st period - Shot Misses the Net.
3:58 of 1st period - Puck is out of play.
3:59 of 1st period - Jacob Josefson wins face-off versus Peter Cehlarik in Reign zone.
5:29 of 1st period - Off-side.
5:30 of 1st period - Jacob Josefson wins face-off versus Ryan Spooner in neutral zone.
6:32 of 1st period - Minor Penalty to Philip Varone for Interference.
6:33 of 1st period - Erik Christensen wins face-off versus Peter Cehlarik in Heat zone.
6:36 of 1st period - Snap shot by Nick Schmaltz.
6:36 of 1st period - Shot Misses the Net.
6:46 of 1st period - Kevin Labanc is hit by Markus Nutivaara and loses puck.
7:03 of 1st period - Snap shot by Erik Christensen.
7:03 of 1st period - Stopped by Nathan Lieuwen without a rebound.
7:04 of 1st period - Jordan Kyrou wins face-off versus Ryan Spooner in Heat zone.
7:51 of 1st period - Icing by Markus Nutivaara.
7:52 of 1st period - Mike Amadio wins face-off versus Peter Cehlarik in Reign zone.
8:32 of 1st period - Penalty to Philip Varone is over, Philip Varone is back on ice.
8:39 of 1st period - Slapshot by Jordan Schmaltz.
8:39 of 1st period - Stopped by Nathan Lieuwen with a rebound.
8:47 of 1st period - Peter Cehlarik is hit by Charlie McAvoy and loses puck.
8:58 of 1st period - Wrist shot by Philip Varone.
8:58 of 1st period - Stopped by Carter Hart with a rebound.
9:00 of 1st period - Slapshot by Rasmus Andersson.
9:00 of 1st period - Stopped by Carter Hart without a rebound.
9:01 of 1st period - Mike Amadio wins face-off versus Nico Sturm in Reign zone.
9:28 of 1st period - Wrist shot by Matthew Nieto.
9:28 of 1st period - Shot Blocked by Alex Iafallo.
9:56 of 1st period - Rasmus Andersson is hit by Markus Nutivaara and loses puck.
10:09 of 1st period - Joachim Blichfeld is hit by Tyler Shattock and loses puck.
10:42 of 1st period - Wrist shot by Austin Czarnik.
10:42 of 1st period - Stopped by Nathan Lieuwen with a rebound.
10:54 of 1st period - Snap shot by Nick Schmaltz.
10:54 of 1st period - Stopped by Nathan Lieuwen with a rebound.
10:56 of 1st period - Wrist shot by Alex Iafallo.
10:56 of 1st period - Shot Misses the Net.
10:58 of 1st period - Slapshot by Nick Schmaltz.
10:58 of 1st period - Stopped by Nathan Lieuwen with a rebound.
11:00 of 1st period - Slapshot by Jordan Schmaltz.
11:00 of 1st period - Deflect By Kevin Labanc.
11:00 of 1st period - Stopped by Nathan Lieuwen without a rebound.
11:01 of 1st period - Austin Czarnik wins face-off versus Ryan Spooner in Heat zone.
11:10 of 1st period - Wrist shot by Mike Amadio.
11:10 of 1st period - Shot Misses the Net.
11:28 of 1st period - Nick Schmaltz is hit by Philip Varone and loses puck.
12:38 of 1st period - Snap shot by Ryan Spooner.
12:38 of 1st period - Shot Blocked by Mike Amadio.
12:40 of 1st period - Wrist shot by Ryan Spooner.
12:40 of 1st period - Stopped by Carter Hart with a rebound.
12:42 of 1st period - Backhand shot by Barclay Goodrow.
12:42 of 1st period - Shot Misses the Net.
13:39 of 1st period - Wrist shot by Jordan Kyrou.
13:39 of 1st period - Stopped by Nathan Lieuwen with a rebound.
13:57 of 1st period - Wrist shot by Peter Cehlarik.
13:57 of 1st period - Shot Misses the Net.
13:59 of 1st period - Wrist shot by Barclay Goodrow.
13:59 of 1st period - Shot Misses the Net.
14:51 of 1st period - Slapshot by Greg Pateryn.
14:51 of 1st period - Shot Misses the Net.
15:07 of 1st period - Alex Iafallo is hit by Philip Varone and loses puck.
15:26 of 1st period - Slapshot by Austin Czarnik.
15:26 of 1st period - Stopped by Nathan Lieuwen with a rebound.
16:06 of 1st period - Frank Corrado is hit by Kale Clague and loses puck.
16:19 of 1st period - Snap shot by Jordan Kyrou.
16:19 of 1st period - Shot Misses the Net.
16:31 of 1st period - Snap shot by Philip Varone.
16:31 of 1st period - Stopped by Carter Hart with a rebound.
16:33 of 1st period - Slapshot by Rasmus Andersson.
16:33 of 1st period - Stopped by Carter Hart with a rebound.
17:00 of 1st period - Minor Penalty to Greg Pateryn for Goalie Interference.
17:01 of 1st period - Erik Christensen wins face-off versus Philip Varone in Heat zone.
17:35 of 1st period - Wrist shot by Jordan Kyrou.
17:35 of 1st period - Shot Misses the Net.
17:37 of 1st period - Slapshot by Mike Amadio.
17:37 of 1st period - Shot Blocked by Mathieu Brodeur.
18:57 of 1st period - Matthew Nieto is hit by Christopher Tanev.
19:00 of 1st period - Penalty to Greg Pateryn is over, Greg Pateryn is back on ice.
19:14 of 1st period - Jordan Schmaltz is hit by Tyler Shattock and loses puck.
19:48 of 1st period - Icing by Peter Cehlarik.
19:49 of 1st period - Ryan Spooner wins face-off versus Trent Frederic in Heat zone.
Goals for this period are 0 for Heat vs 0 for Reign.
Shots for this period are 10 for Heat vs 11 for Reign.
2nd period
0:01 of 2nd period - Erik Christensen wins face-off versus Kevin Labanc in neutral zone.
0:29 of 2nd period - Backhand shot by Kyle Connor.
0:29 of 2nd period - Goal by Kyle Connor - Heat : 0 - Reign : 1.
0:30 of 2nd period - Erik Christensen wins face-off versus Victor Rask in neutral zone.
0:33 of 2nd period - Wrist shot by Nick Schmaltz.
0:33 of 2nd period - Shot Misses the Net.
1:16 of 2nd period - Snap shot by Peter Cehlarik.
1:16 of 2nd period - Shot Blocked by Dmitri Orlov.
1:18 of 2nd period - Wrist shot by Peter Cehlarik.
1:18 of 2nd period - Shot Misses the Net.
1:20 of 2nd period - Slapshot by Petteri Lindbohm.
1:20 of 2nd period - Stopped by Carter Hart with a rebound.
1:56 of 2nd period - Wrist shot by Erik Christensen.
1:56 of 2nd period - Shot Misses the Net.
1:58 of 2nd period - Slapshot by Dmitri Orlov.
1:58 of 2nd period - Stopped by Nathan Lieuwen without a rebound.
1:59 of 2nd period - Erik Christensen wins face-off versus Philip Varone in Heat zone.
2:05 of 2nd period - Minor Penalty to Philip Varone for Kneeing.
2:06 of 2nd period - Erik Christensen wins face-off versus Peter Cehlarik in Heat zone.
4:05 of 2nd period - Penalty to Philip Varone is over, Philip Varone is back on ice.
4:17 of 2nd period - Snap shot by Joachim Blichfeld.
4:17 of 2nd period - Shot Blocked by Jake DeBrusk.
4:19 of 2nd period - Snap shot by Josh Anderson.
4:19 of 2nd period - Shot Blocked by Greg Pateryn.
4:21 of 2nd period - Wrist shot by Joel Eriksson Ek.
4:21 of 2nd period - Stopped by Nathan Lieuwen without a rebound.
4:22 of 2nd period - Philip Varone wins face-off versus Joel Eriksson Ek in Heat zone.
5:38 of 2nd period - Wrist shot by Jake DeBrusk.
5:38 of 2nd period - Goal by Jake DeBrusk - Heat : 1 - Reign : 1.
5:39 of 2nd period - Mike Amadio wins face-off versus Victor Rask in neutral zone.
5:50 of 2nd period - Slapshot by Matthew Tkachuk.
5:50 of 2nd period - Shot Blocked by Greg Pateryn.
5:52 of 2nd period - Slapshot by Jordan Schmaltz.
5:52 of 2nd period - Shot Blocked by Greg Pateryn.
5:54 of 2nd period - Backhand shot by Mike Amadio.
5:54 of 2nd period - Shot Misses the Net.
6:10 of 2nd period - Wrist shot by Philip Varone.
6:10 of 2nd period - Shot Blocked by Jordan Schmaltz.
6:12 of 2nd period - Snap shot by Philip Varone.
6:12 of 2nd period - Shot Misses the Net.
6:14 of 2nd period - Snap shot by Evgeny Svechnikov.
6:14 of 2nd period - Shot Misses the Net.
6:30 of 2nd period - Slapshot by Jacob Josefson.
6:30 of 2nd period - Shot Blocked by Barclay Goodrow.
6:32 of 2nd period - Snap shot by Jordan Kyrou.
6:32 of 2nd period - Stopped by Nathan Lieuwen with a rebound.
6:44 of 2nd period - Joachim Blichfeld is hit by Frank Corrado and loses puck.
6:53 of 2nd period - Slapshot by Dmitri Orlov.
6:53 of 2nd period - Stopped by Nathan Lieuwen without a rebound.
6:54 of 2nd period - Victor Rask wins face-off versus Mike Amadio in Heat zone.
7:51 of 2nd period - Snap shot by Nick Schmaltz.
7:51 of 2nd period - Deflect By Alex Iafallo.
7:51 of 2nd period - Shot Blocked by Rasmus Andersson.
7:51 of 2nd period - Puck is out of play.
7:52 of 2nd period - Mike Amadio wins face-off versus Nico Sturm in Heat zone.
8:42 of 2nd period - Matthew Nieto is hit by Jordan Schmaltz and loses puck.
8:47 of 2nd period - Wrist shot by Joachim Blichfeld.
8:47 of 2nd period - Goal by Joachim Blichfeld - Heat : 1 - Reign : 2.
8:48 of 2nd period - Victor Rask wins face-off versus Mike Amadio in neutral zone.
8:53 of 2nd period - Slapshot by Mathieu Brodeur.
8:53 of 2nd period - Stopped by Carter Hart with a rebound.
8:55 of 2nd period - Slapshot by Mathieu Brodeur.
8:55 of 2nd period - Shot Blocked by Austin Czarnik.
8:57 of 2nd period - Wrist shot by Kevin Labanc.
8:57 of 2nd period - Shot Blocked by Matthew Tkachuk.
9:40 of 2nd period - Slapshot by Greg Pateryn.
9:40 of 2nd period - Shot Blocked by Jordan Kyrou.
9:46 of 2nd period - Wrist shot by Jesper Bratt.
9:46 of 2nd period - Shot Blocked by Christopher Tanev.
10:00 of 2nd period - Snap shot by Ryan Spooner.
10:00 of 2nd period - Deflect By Peter Cehlarik.
10:00 of 2nd period - Shot Misses the Net.
10:00 of 2nd period - Puck is out of play.
10:01 of 2nd period - Josh Anderson wins face-off versus Victor Rask in Reign zone.
10:19 of 2nd period - Slapshot by Markus Nutivaara.
10:19 of 2nd period - Deflect By Kevin Labanc.
10:19 of 2nd period - Stopped by Nathan Lieuwen without a rebound.
10:20 of 2nd period - Mike Amadio wins face-off versus Philip Varone in Heat zone.
10:25 of 2nd period - Wrist shot by Austin Czarnik.
10:25 of 2nd period - Shot Blocked by John Gilmour.
10:45 of 2nd period - Petteri Lindbohm is hit by Alex Iafallo and loses puck.
10:54 of 2nd period - Slapshot by Alex Iafallo.
10:54 of 2nd period - Stopped by Nathan Lieuwen with a rebound.
11:36 of 2nd period - Snap shot by Jake DeBrusk.
11:36 of 2nd period - Stopped by Carter Hart with a rebound.
11:38 of 2nd period - Snap shot by Philip Varone.
11:38 of 2nd period - Shot Misses the Net.
11:40 of 2nd period - Slapshot by Philip Varone.
11:40 of 2nd period - Deflect By Jake DeBrusk.
11:40 of 2nd period - Shot Misses the Net.
11:40 of 2nd period - Puck is out of play.
11:41 of 2nd period - Victor Rask wins face-off versus Mike Amadio in Reign zone.
11:42 of 2nd period - Wrist shot by Kevin Labanc.
11:42 of 2nd period - Stopped by Carter Hart without a rebound.
11:43 of 2nd period - Mike Amadio wins face-off versus Victor Rask in Reign zone.
11:43 of 2nd period - Mike Amadio is hit by Kevin Labanc.
11:51 of 2nd period - Wrist shot by Matthew Tkachuk.
11:51 of 2nd period - Shot Misses the Net.
11:53 of 2nd period - Snap shot by Austin Czarnik.
11:53 of 2nd period - Deflect By Mike Amadio.
11:53 of 2nd period - Stopped by Nathan Lieuwen without a rebound.
11:54 of 2nd period - Victor Rask wins face-off versus Mike Amadio in Heat zone.
12:02 of 2nd period - Dmitri Orlov is hit by Victor Rask and loses puck.
12:09 of 2nd period - Snap shot by Austin Czarnik.
12:09 of 2nd period - Stopped by Nathan Lieuwen with a rebound.
12:15 of 2nd period - Minor Penalty to Kevin Labanc for Holding Stick.
12:16 of 2nd period - Erik Christensen wins face-off versus Philip Varone in Heat zone.
13:56 of 2nd period - Matthew Tkachuk is hit by Greg Pateryn and loses puck.
14:15 of 2nd period - Penalty to Kevin Labanc is over, Kevin Labanc is back on ice.
15:31 of 2nd period - Wrist shot by Jesper Bratt.
15:31 of 2nd period - Shot Hit the Post.
16:19 of 2nd period - Snap shot by Rasmus Andersson.
16:19 of 2nd period - Deflect By Dmitri Orlov.
16:19 of 2nd period - Stopped by Carter Hart with a rebound.
16:40 of 2nd period - Markus Nutivaara is hit by Greg Pateryn and loses puck.
17:04 of 2nd period - Jacob Josefson is hit by Peter Cehlarik and loses puck.
17:28 of 2nd period - Erik Christensen is hit by Greg Pateryn and loses puck.
17:43 of 2nd period - Snap shot by Mike Amadio.
17:43 of 2nd period - Shot Misses the Net.
18:35 of 2nd period - Matthew Nieto is hit by Josh Anderson.
19:01 of 2nd period - Snap shot by Nick Schmaltz.
19:01 of 2nd period - Shot Misses the Net.
19:23 of 2nd period - Wrist shot by Jordan Schmaltz.
19:23 of 2nd period - Goal by Jordan Schmaltz - Heat : 1 - Reign : 3.
19:24 of 2nd period - Erik Christensen wins face-off versus Victor Rask in neutral zone.
19:29 of 2nd period - Wrist shot by Nick Schmaltz.
19:29 of 2nd period - Stopped by Nathan Lieuwen with a rebound.
19:51 of 2nd period - Slapshot by Rasmus Andersson.
19:51 of 2nd period - Stopped by Carter Hart with a rebound.
19:53 of 2nd period - Wrist shot by Peter Cehlarik.
19:53 of 2nd period - Stopped by Carter Hart without a rebound.
19:54 of 2nd period - Ryan Spooner wins face-off versus Mike Amadio in Reign zone.
Goals for this period are 1 for Heat vs 3 for Reign.
Shots for this period are 8 for Heat vs 12 for Reign.
3rd period
0:01 of 3rd period - Mike Amadio wins face-off versus Victor Rask in neutral zone.
0:26 of 3rd period - Filip Hronek is hit by Philip Varone and loses puck.
1:38 of 3rd period - Wrist shot by Joachim Blichfeld.
1:38 of 3rd period - Stopped by Nathan Lieuwen with a rebound.
2:02 of 3rd period - Snap shot by Nico Sturm.
2:02 of 3rd period - Shot Blocked by Dmitri Orlov.
2:08 of 3rd period - Tyler Shattock is hit by Markus Nutivaara and loses puck.
3:29 of 3rd period - Jesper Bratt is hit by Alex Iafallo.
3:49 of 3rd period - Icing by Victor Rask.
3:50 of 3rd period - Jacob Josefson wins face-off versus Victor Rask in Heat zone.
4:10 of 3rd period - Backhand shot by Kevin Labanc.
4:10 of 3rd period - Deflect By Victor Rask.
4:10 of 3rd period - Shot Misses the Net.
4:10 of 3rd period - Puck is out of play.
4:11 of 3rd period - Mike Amadio wins face-off versus Philip Varone in Reign zone.
4:18 of 3rd period - Backhand shot by Jake DeBrusk.
4:18 of 3rd period - Goal by Jake DeBrusk - Heat : 2 - Reign : 3.
4:19 of 3rd period - Kevin Labanc wins face-off versus Matthew Tkachuk in neutral zone.
4:22 of 3rd period - Slapshot by Greg Pateryn.
4:22 of 3rd period - Shot Blocked by Dmitri Orlov.
4:24 of 3rd period - Snap shot by Greg Pateryn.
4:24 of 3rd period - Stopped by Carter Hart with a rebound.
4:26 of 3rd period - Snap shot by Kevin Labanc.
4:26 of 3rd period - Stopped by Carter Hart with a rebound.
4:28 of 3rd period - Slapshot by Greg Pateryn.
4:28 of 3rd period - Deflect By Matthew Nieto.
4:28 of 3rd period - Stopped by Carter Hart with a rebound.
4:30 of 3rd period - Snap shot by Mathieu Brodeur.
4:30 of 3rd period - Stopped by Carter Hart with a rebound.
4:32 of 3rd period - Slapshot by Matthew Nieto.
4:32 of 3rd period - Stopped by Carter Hart without a rebound.
4:33 of 3rd period - Erik Christensen wins face-off versus Philip Varone in Reign zone.
4:33 of 3rd period - Erik Christensen is hit by Greg Pateryn.
4:43 of 3rd period - Nick Schmaltz is hit by Philip Varone and loses puck.
5:24 of 3rd period - Jordan Kyrou is hit by Frank Corrado and loses puck.
5:31 of 3rd period - Snap shot by Nico Sturm.
5:31 of 3rd period - Shot Blocked by Dmitri Orlov.
5:33 of 3rd period - Wrist shot by Nico Sturm.
5:33 of 3rd period - Shot Misses the Net.
5:35 of 3rd period - Slapshot by John Gilmour.
5:35 of 3rd period - Stopped by Carter Hart with a rebound.
5:37 of 3rd period - Snap shot by Nico Sturm.
5:37 of 3rd period - Deflect By Tyler Shattock.
5:37 of 3rd period - Shot Blocked by Dmitri Orlov.
5:37 of 3rd period - Puck is out of play.
5:38 of 3rd period - Victor Rask wins face-off versus Erik Christensen in Reign zone.
6:05 of 3rd period - Mike Amadio is hit by Jake DeBrusk and loses puck.
6:26 of 3rd period - Frank Corrado is hit by Kyle Connor and loses puck.
6:33 of 3rd period - Charlie McAvoy is hit by Frank Corrado and loses puck.
7:08 of 3rd period - Snap shot by Kevin Labanc.
7:08 of 3rd period - Shot Misses the Net.
7:16 of 3rd period - Slapshot by Dmitri Orlov.
7:16 of 3rd period - Stopped by Nathan Lieuwen with a rebound.
7:22 of 3rd period - Minor Penalty to Matthew Nieto for Kneeing.
7:23 of 3rd period - Philip Varone wins face-off versus Erik Christensen in Heat zone.
7:56 of 3rd period - Snap shot by Greg Pateryn.
7:56 of 3rd period - Stopped by Carter Hart without a rebound.
7:57 of 3rd period - Erik Christensen wins face-off versus Philip Varone in Reign zone.
9:22 of 3rd period - Penalty to Matthew Nieto is over, Matthew Nieto is back on ice.
9:29 of 3rd period - Slapshot by Markus Nutivaara.
9:29 of 3rd period - Shot Blocked by Frank Corrado.
9:31 of 3rd period - Minor Penalty to Barclay Goodrow for High sticking.
9:32 of 3rd period - Philip Varone wins face-off versus Mike Amadio in Heat zone.
10:07 of 3rd period - Off-side.
10:08 of 3rd period - Erik Christensen wins face-off versus Nico Sturm in neutral zone.
11:31 of 3rd period - Penalty to Barclay Goodrow is over, Barclay Goodrow is back on ice.
11:56 of 3rd period - Snap shot by Joachim Blichfeld.
11:56 of 3rd period - Deflect By John Gilmour.
11:56 of 3rd period - Shot Blocked by Petteri Lindbohm.
11:56 of 3rd period - Puck is out of play.
11:57 of 3rd period - Jacob Josefson wins face-off versus Nico Sturm in Heat zone.
12:23 of 3rd period - Christopher Tanev is hit by Nico Sturm and loses puck.
12:38 of 3rd period - Minor Penalty to Christopher Tanev for Goalie Interference.
12:39 of 3rd period - Victor Rask wins face-off versus Trent Frederic in Reign zone.
12:42 of 3rd period - Wrist shot by Matthew Nieto.
12:42 of 3rd period - Stopped by Carter Hart with a rebound.
12:52 of 3rd period - Slapshot by Rasmus Andersson.
12:52 of 3rd period - Shot Misses the Net.
13:44 of 3rd period - Nick Schmaltz is hit by Philip Varone and loses puck.
13:55 of 3rd period - Slapshot by Rasmus Andersson.
13:55 of 3rd period - Deflect By Jake DeBrusk.
13:55 of 3rd period - Stopped by Carter Hart without a rebound.
13:56 of 3rd period - Mike Amadio wins face-off versus Victor Rask in Reign zone.
13:56 of 3rd period - Mike Amadio is hit by Victor Rask.
14:38 of 3rd period - Penalty to Christopher Tanev is over, Christopher Tanev is back on ice.
15:15 of 3rd period - Wrist shot by Jesper Bratt.
15:15 of 3rd period - Shot Misses the Net.
15:41 of 3rd period - Evgeny Svechnikov is hit by Matthew Tkachuk and loses puck.
15:47 of 3rd period - Icing by Philip Varone.
15:48 of 3rd period - Jacob Josefson wins face-off versus Philip Varone in Heat zone.
15:48 of 3rd period - Minor Penalty to Charlie McAvoy for Tripping.
15:49 of 3rd period - Victor Rask wins face-off versus Mike Amadio in Reign zone.
15:52 of 3rd period - Slapshot by Matthew Nieto.
15:52 of 3rd period - Goal by Matthew Nieto - Heat : 3 - Reign : 3.
15:53 of 3rd period - Ryan Spooner wins face-off versus Jacob Josefson in neutral zone.
16:20 of 3rd period - Mathieu Brodeur is hit by Joel Eriksson Ek and loses puck.
17:25 of 3rd period - Wrist shot by Peter Cehlarik.
17:25 of 3rd period - Shot Misses the Net.
17:27 of 3rd period - Slapshot by Peter Cehlarik.
17:27 of 3rd period - Stopped by Carter Hart with a rebound.
17:29 of 3rd period - Wrist shot by Frank Corrado.
17:29 of 3rd period - Stopped by Carter Hart with a rebound.
17:45 of 3rd period - Wrist shot by Kevin Labanc.
17:45 of 3rd period - Shot Blocked by Josh Anderson.
18:14 of 3rd period - Icing by Alex Iafallo.
18:15 of 3rd period - Ryan Spooner wins face-off versus Erik Christensen in Reign zone.
18:26 of 3rd period - Wrist shot by Erik Christensen.
18:26 of 3rd period - Goal by Erik Christensen - Heat : 3 - Reign : 4.
18:27 of 3rd period - Jacob Josefson wins face-off versus Ryan Spooner in neutral zone.
19:01 of 3rd period - Heat, Nathan Lieuwen is pulled from the net.
19:07 of 3rd period - Snap shot by Kevin Labanc.
19:07 of 3rd period - Shot Misses the Net.
Goals for this period are 2 for Heat vs 1 for Reign.
Shots for this period are 13 for Heat vs 3 for Reign.